 Dungeon Sprint DCSS version 0.21.0-25-ge575cb9 (webtiles) character file.

2300000 doot the Conqueror (level 22, -30/212 HPs)
             Began as a Formicid Chaos Knight on Jan 26, 2018.
             Was a High Priest of Makhleb.
             Annihilated by a destroyer
             ... wielding a +9 great sword of slicing
              (47 damage)
             ... in the Dungeon (Sprint VIII: "Arena of Blood").
             The game lasted 00:01:14 (23 turns).

doot the Conqueror (Formicid Chaos Knight)            Turns: 23, Time: 00:01:15

Health: -30/212    AC:  8    Str: 20    XL:     22   Next: 12%
Magic:  19/50      EV: 32    Int: 12    God:    Makhleb [*****.]
Gold:   0          SH:  0    Dex: 17    Spells: 69/69 levels left

rFire    . . .     SeeInvis +   i - +∞ Axe of Woe
rCold    . . .     Gourm    .   (no shield)
rNeg     . . .     Faith    .   a - +2 leather armour
rPois    .         Spirit   .   (helmet unavailable)
rElec    .         Reflect  .   (no cloak)
rCorr    .         Harm     .   (no gloves)
MR       ++...                  (no boots)
Stlth    +++++++++.             (no amulet)
HPRegen  0.45/turn              (no ring)
MPRegen  0.32/turn              (no ring)

@: no status effects
A: permanent stasis, dig shafts and tunnels, four strong arms, antennae 3
a: Dig, Minor Destruction, Lesser Servant of Makhleb, Major Destruction, Greater
Servant of Makhleb, Renounce Religion


You were in the Dungeon.
You worshipped Makhleb.
Makhleb was extremely pleased with you.
You were not hungry.

You visited 1 branch

Inventory:

Hand Weapons
 i - the +∞ Axe of Woe (weapon)
   (You found it in the Dungeon)
Armour
 a - a +2 leather armour (worn)
Scrolls
 h - a scroll of blinking
Potions
 c - a potion of curing
 d - a potion of heal wounds
 e - a potion of haste
 f - 2 potions of magic
 g - a potion of berserk rage
Comestibles
 b - a ration


   Skills:
 O Level 27 Fighting
 O Level 27 Axes
 + Level 24.4 Throwing
 O Level 27 Armour
 O Level 27 Dodging
 O Level 27 Stealth
 - Level 3.0 Unarmed Combat
 + Level 24.3 Spellcasting
 O Level 27 Invocations


You had 69 spell levels left.
You didn't know any spells.

Dungeon Overview and Level Annotations

Branches:
Dungeon (1/1)

Altars:
Makhleb


Innate Abilities, Weirdness & Mutations

You cannot be hasted, slowed, berserked, paralysed or teleported.
You can dig through walls and to a lower floor.
Your four strong arms can wield two-handed weapons with a shield.
You have a pair of large antennae on your head. (SInv)


Message History

Makhleb accepts your kill.
Your Throwing skill increases to level 23!
Your Spellcasting skill increases to level 23!
Your Invocations skill increases to level 26!
You chop the bag of meat into pieces!!!
You pulverise the bag of meat into a thin bloody mist.
You kill the bag of meat!
Makhleb accepts your kill.
Your Throwing skill increases to level 24!
Your Spellcasting skill increases to level 24!
You have mastered Invocations!
You have reached level 22!
You hear a shout! x3
The meat berserker rages.
You hear a shout! x4
You hear a shout! x9
The destroyer hits you with a +9 great sword of slicing!!!!!
Ouch! That really hurt!
* * * LOW HITPOINT WARNING * * *
You die...

..................#.
.....#............ { . .
....#...........##{ .. .
...###.......... ...
.###............o###....
.._.....................
.....#).....)#O#.V......
_.<._..)....)oo)@.......
.....#)).)..o)#O#.......
.._......)..o.oOoO......
.###.......)o#o#.#..#...
......###.).{.o{O..#....
......#...o....{....#...
.....o#............#....
..................... ..
.o........#...#......


You could see a destroyer, a large bag of meat (inner flame), 3 meat berserkers
and 9 bags of meat.

Vanquished Creatures
  7 ogres (D)
  13 orcs (D)
20 creatures vanquished.

Notes
Turn   | Place    | Note
-------+----------+-------------------------------------------
     0 | D        | Found the +∞ Axe of Woe
     0 | D        | doot the Formicid Chaos Knight began the quest for the Orb.
     0 | D        | Reached XP level 1. HP: 18/18 MP: 1/1
     3 | D        | Noticed a bag of meat
     3 | D        | Noticed a bag of meat
     4 | D        | Noticed a bag of meat
     4 | D        | Fell from the grace of Xom
     4 | D        | Became a worshipper of Makhleb the Destroyer
     6 | D        | Noticed a meat berserker
     7 | D        | Noticed a bag of meat
     7 | D        | Noticed a bag of meat
     7 | D        | Killed a bag of meat
     7 | D        | Reached skill level 15 in Axes
     7 | D        | Reached XP level 2. HP: 54/54 MP: 2/2
     7 | D        | Reached XP level 3. HP: 60/60 MP: 3/3
     7 | D        | Reached XP level 4. HP: 68/68 MP: 4/4
     7 | D        | Reached XP level 5. HP: 74/74 MP: 5/5
     7 | D        | Reached XP level 6. HP: 82/82 MP: 6/6
     7 | D        | Reached XP level 7. HP: 88/88 MP: 7/7
     7 | D        | Reached XP level 8. HP: 96/96 MP: 8/8
     7 | D        | Reached XP level 9. HP: 102/102 MP: 9/9
     7 | D        | Reached XP level 10. HP: 110/110 MP: 10/10
     7 | D        | Reached XP level 11. HP: 116/116 MP: 11/11
     7 | D        | Reached XP level 12. HP: 124/124 MP: 12/12
     8 | D        | Killed a meat berserker
     8 | D        | Reached * piety under Makhleb
     8 | D        | Reached skill level 15 in Armour
     8 | D        | Reached XP level 13. HP: 142/142 MP: 13/13
     8 | D        | Reached XP level 14. HP: 150/150 MP: 14/14
     8 | D        | Killed a bag of meat
     8 | D        | Reached skill level 27 in Fighting
     8 | D        | Reached XP level 15. HP: 159/159 MP: 15/15
     9 | D        | Noticed a meat berserker
     9 | D        | Noticed a meat berserker
    10 | D        | Noticed a meat berserker
    11 | D        | Noticed a destroyer
    12 | D        | Noticed a meat berserker
    12 | D        | Killed a meat berserker
    12 | D        | Reached ** piety under Makhleb
    12 | D        | Reached XP level 16. HP: 167/167 MP: 16/16
    12 | D        | Reached skill level 27 in Axes
    13 | D        | Noticed a meat berserker
    14 | D        | Killed a meat berserker
    14 | D        | Reached skill level 27 in Armour
    14 | D        | Reached XP level 17. HP: 24/174 MP: 17/17
    14 | D        | Reached *** piety under Makhleb
    14 | D        | Reached XP level 18. HP: 25/182 MP: 18/18
    14 | D        | Killed a meat berserker
    15 | D        | Noticed a destroyer
    15 | D        | Noticed a meat berserker
    16 | D        | Noticed a meat berserker
    17 | D        | Noticed a meat berserker
    18 | D        | Reached skill level 27 in Dodging
    18 | D        | Reached **** piety under Makhleb
    18 | D        | Reached skill level 10 in Stealth
    18 | D        | Reached XP level 19. HP: 146/189 MP: 18/31
    18 | D        | Killed a meat berserker
    18 | D        | Reached skill level 15 in Invocations
    18 | D        | Reached XP level 20. HP: 152/197 MP: 18/38
    19 | D        | Noticed a meat berserker
    19 | D        | Noticed a meat berserker
    19 | D        | Reached ***** piety under Makhleb
    19 | D        | Killed a meat berserker
    19 | D        | Reached XP level 21. HP: 204/204 MP: 18/45
    20 | D        | Noticed a large bag of meat
    22 | D        | Killed a meat berserker
    22 | D        | Reached skill level 27 in Stealth
    22 | D        | Reached skill level 27 in Invocations
    22 | D        | Reached XP level 22. HP: 212/212 MP: 18/50
    23 | D        | Annihilated by a destroyer

Skill      XL: |  1  2  3  4  5  6  7  8  9 10 11 12 13 14 15 16 17 18 19 20 21 |
---------------+----------------------------------------------------------------+-----
Fighting       | 21 26 27 | 27.0
Axes           | 15 19 21 26 27 | 27.0
Armour         | 12 15 17 22 27 | 27.0
Dodging        | 4 6 8 16 20 27 | 27.0
Throwing       | 8 14 20 24 | 24.4
Stealth        | 10 18 25 27 | 27.0
Spellcasting   | 8 14 20 24 | 24.3
Invocations    | 9 17 23 27 | 27.0
Unarmed Combat | |  3.0

Action                   |  1- 3 |  4- 6 |  7- 9 | 10-12 | 13-15 | 16-18 | 19-21 | 22-24 || total
-------------------------+-------+-------+-------+-------+-------+-------+-------+-------++-------
Melee: Executioner's axe |     1 |       |       |     1 |     1 |     2 |     2 |       ||     7
 Abil: Dig               |     1 |       |       |       |       |     1 |       |       ||     2
Dodge: Dodged            |       |       |       |       |       |     1 |       |       ||     1
